 Dungeon Crawl Stone Soup version 0.28.0-53-g5a82cb258f (webtiles) character file.

Game seed: 13778285234812279712

133 multipassport the Skirmisher (level 5, -9/46 HPs)
             Began as a Ghoul Chaos Knight on June 5, 2022.
             Was a Plaything of Xom.
             Killed by divine providence
             ... invoked by an orc priest
              (11 damage)
             ... on level 4 of the Dungeon.
             The game lasted 00:05:17 (1408 turns).

multipassport the Skirmisher (Ghoul Chaos Knight)   Turns: 1408, Time: 00:05:18

Health: -9/46      AC: 12    Str: 18    XL:     5   Next: 16%
Magic:  4/4        EV:  5    Int:  7    God:    Xom [.*....]
Gold:   28         SH:  0    Dex:  8    Spells: 4/4 levels left

rFire   . . .      SeeInvis .   a - +0 falchion (chaos)
rCold   + . .      Faith    .   (no shield)
rNeg    + + +      Spirit   .   e - +0 plate armour
rPois   ∞          Reflect  .   (no helmet)
rElec   .          Harm     .   (no cloak)
rCorr   .          Rampage  .   h - +0 pair of gloves
Will    .....                   (no boots)
Stlth   ..........              (no amulet)
HPRegen 0.00/turn               (no ring)
MPRegen 0.09/turn               (no ring)

@: inhibited regen
A: claws 1, cold resistance 1, negative energy resistance 3, inhibited
regeneration, torment resistance 2
a: Renounce Religion


You were on level 4 of the Dungeon.
You worshipped Xom.
You were a plaything of Xom.
You visited 1 branch of the dungeon, and saw 4 of its levels.

You collected 28 gold pieces.

Inventory:

Hand Weapons
 a - a +0 falchion of chaos (weapon)
Armour
 b - a +2 leather armour
 e - a +0 plate armour (worn)
 h - a +0 pair of gloves (worn)
Potions
 f - a potion of brilliance {unknown}
 i - a potion of lignification {unknown}


   Skills:
 + Level 4.2 Fighting
 + Level 3.4 Long Blades
 + Level 2.7 Armour
 + Level 2.1 Dodging


You had 4 spell levels left.
You didn't know any spells.
Your spell library contained the following spells:

 Spells                   Type           Power      Damage    Failure   Level
 Sting                    Tmut/Pois      0%         1d3       100%        1
 Poisonous Vapours        Pois/Air       0%         N/A       100%        2
 Olgreb's Toxic Radiance  Pois           0%         N/A       100%        4


Dungeon Overview and Level Annotations

Branches:
Dungeon (4/15)
 Temple: D:4-7

Altars:
Xom


Innate Abilities, Weirdness & Mutations

You thrive by killing the living.
You are immune to poison.
You have sharp fingernails.
Your flesh is cold resistant. (rC+)
You are immune to negative energy. (rN+++)
You do not regenerate when monsters are visible.
You are immune to unholy pain and torment.


Message History

* * * LOW HITPOINT WARNING * * *
The rat barely misses you.
An orc comes into view. It is wielding a +0 whip.
The gnoll hits you but does no damage.
You completely miss the gnoll.
The gnoll is moderately wounded.
The rat bites you but does no damage. The gnoll hits you but does no damage.
You hit the gnoll.
The gnoll is almost dead.
The gnoll blinks!
You feel a bit more experienced. The rat barely misses you.
The orc drinks a potion.
The orc suddenly seems more resistant.
The rat bites you but does no damage.
You hit the rat.
The rat seems to grow stronger.
Xom is highly amused!
The rat is heavily wounded.
A ball python comes into view.
The rat bites you but does no damage.
The ball python hisses angrily.
You slash the rat!
You kill the rat!
You feel better. The orc hits you with a +0 whip.
* * * LOW HITPOINT WARNING * * *
You closely miss the orc. The orc hits you but does no damage.
The ball python bites you.
* * * LOW HITPOINT WARNING * * *
The ball python grabs you. The ball python constricts you.
You hit the orc.
The orc is lightly wounded.
An orc priest comes into view. It is wielding a +0 dagger.
The orc hits you with a +0 whip.
* * * LOW HITPOINT WARNING * * *
The ball python bites you but does no damage.
The ball python constricts you.
You escape the ball python's grasp.
The orc hits you but does no damage.
Found a fizzy inky potion.
The orc priest mumbles some strange prayers to Beogh against you.
Beogh smites you!
You die...
Xom chortles!

#....)......... #
#....).......##
#.#.......(......
#.........#)..#.
#...(....S#.....
#.#######o# ..#.
#. #o# .# # #.#
.# #@#
...............
#######.#.####.
#.#..! #.# ###
#.# #.# #.#


You could see an orc priest, an orc (resistant) and a ball python.

Vanquished Creatures
  An orc priest (D:2)
  4 gnolls
  An adder (D:2)
  An adder skeleton (D:4)
  A dart slug (D:1)
  3 orcs (D:2)
  8 ball pythons
  4 bats (D:1)
  An endoplasm (D:1)
  3 giant cockroaches
  2 goblins
  4 hobgoblins (D:1)
  4 quokkas
  3 frilled lizards
  4 kobolds
  6 rats
50 creatures vanquished.

Vanquished Creatures (others)
  A plant (D:1)
  2 withered plants (D:1)
3 creatures vanquished.

Grand Total: 53 creatures vanquished

Notes
Turn   | Place    | Note
-------+----------+-------------------------------------------
     0 | D:1      | multipassport the Ghoul Chaos Knight began the quest for
                  | the Orb.
     0 | D:1      | Reached XP level 1. HP: 19/19 MP: 0/0
    15 | D:1      | Reached skill level 1 in Dodging
    15 | D:1      | Reached XP level 2. HP: 13/26 MP: 1/1
   105 | D:1      | XOM is BORED!
   105 | D:1      | XOM: silly message
   186 | D:1      | Found a faded altar of an unknown god.
   526 | D:1      | XOM: cloud trail
   586 | D:1      | Reached XP level 3. HP: 31/31 MP: 2/2
   740 | D:1      | XOM: 4-stop teleportation journey
  1032 | D:2      | XOM: 1-stop teleportation journey
  1042 | D:2      | Reached XP level 4. HP: 40/40 MP: 3/3
  1052 | D:2      | Reached skill level 4 in Fighting
  1057 | D:3      | XOM: enchant monster (good)
  1063 | D:3      | XOM: noise
  1064 | D:3      | XOM: scenery: create altars
  1270 | D:4      | XOM: noise
  1308 | D:4      | XOM: silly message
  1395 | D:3      | Reached XP level 5. HP: 10/46 MP: 4/4
  1404 | D:4      | HP: 2/46 [orc/+0 whip (1)]
  1408 | D:4      | Killed from afar by an orc priest

Illustrated notes

Levels and vault maps discovered:
D:1:      saegor_arrival_simple_e, layout_loops_cross,
          shapermc_ecumenical_altar_flowoftime, st_stairs_11,
          nicolae_concentric_dashed_squares_mild
D:2:      layout_loops_cross
D:3:      layout_loops_ring
D:4:      layout_basic, minmay_temple_entry_enclosed_plants, st_stairs_9,
          uniq_eustachio

Skill      XL: |  1  2  3  4 |
---------------+-------------+-----
Armour         | 2 |  2.7
Dodging        | 1 2 |  2.1
Long Blades    | 3 |  3.4
Fighting       | 4 |  4.2

Action                   |  1- 3 |  4- 6 || total
-------------------------+-------+-------++-------
Melee: Falchion          |   117 |    54 ||   171
       Punch             |       |     1 ||     1
  Use: Scroll            |       |     2 ||     2
Armor: Plate armour      |    89 |    73 ||   162
       Leather armour    |     2 |       ||     2
Dodge: Dodged            |    41 |    31 ||    72
